 Dungeon Crawl Stone Soup version 0.21.1-68-g103a7af (webtiles) character file.

150 pox the Shooter (level 5, -1/45 HPs)
             Began as a Centaur Hunter on Aug 1, 2018.
             Slain by a centaur (3 damage)
             ... on level 3 of the Dungeon.
             The game lasted 00:10:59 (3087 turns).

pox the Shooter (Centaur Hunter)                    Turns: 3087, Time: 00:11:00

Health: -1/45      AC:  4    Str: 14    XL:     5   Next: 10%
Magic:  5/5        EV: 10    Int: 10    God:
Gold:   230        SH:  0    Dex: 11    Spells: 4/4 levels left

rFire    . . .     SeeInvis +   b - +0 short sword (flame)
rCold    . . .     Gourm    .   (no shield)
rNeg     + . .     Faith    .   z - -1 robe (curse)
rPois    .         Spirit   .   (no helmet)
rElec    .         Reflect  .   D - +0 cloak
rCorr    .         Harm     .   (no gloves)
MR       .....                  (no barding)
Stlth    +.........             (no amulet)
HPRegen  0.15/turn              q - ring of positive energy
MPRegen  0.09/turn              m - ring of see invisible

@: very slightly contaminated, invisible, very quick
A: large, hooves 3, deformed body, speed 2, tough skin 3
a: no special abilities


You were on level 3 of the Dungeon.
You were hungry.

You visited 1 branch of the dungeon, and saw 3 of its levels.

You collected 230 gold pieces.

Inventory:

Hand Weapons
 a - a +1 shortbow
 b - a +0 short sword of flaming (weapon)
 l - a +0 hand axe of flaming
 v - a +0 short sword
 w - a +1 dagger of venom
Missiles
 d - 35 arrows
Armour
 c - a +0 leather armour
 o - a +0 robe
 p - a +0 robe
 y - a +0 cloak
 z - a cursed -1 robe (worn)
 D - a +0 cloak (worn)
Jewellery
 e - a +2 ring of intelligence
 m - a ring of see invisible (right hand)
 q - a ring of positive energy (left hand)
 A - an uncursed ring of flight
 C - an uncursed ring of resist corrosion {unknown}
Wands
 B - a wand of polymorph (15)
Scrolls
 g - a scroll of remove curse {unknown}
 i - 2 scrolls of identify
 k - a scroll of magic mapping
 n - a scroll of fear
 s - a scroll of fog {unknown}
 t - a scroll of noise {unknown}
Potions
 j - 3 potions of curing
 r - a potion of experience {unknown}
 u - a potion of cancellation {unknown}
 x - a potion of lignification {unknown}
 E - a potion of magic {unknown}
 F - a potion of might {unknown}
Comestibles
 f - 8 rations


   Skills:
 + Level 3.2 Fighting
 * Level 7.7 Bows
 - Level 1.4 Dodging
 - Level 0.4 Stealth


You had 4 spell levels left.
You didn't know any spells.

Dungeon Overview and Level Annotations

Branches:
Dungeon (3/15)

Altars:
Gozag


Innate Abilities, Weirdness & Mutations

You have hooves in place of feet.
Armour fits poorly on your strangely shaped body.
You cover ground very quickly.
You have extremely tough skin. (AC +3)


Message History

Press: ? - help, Shift-Dir - straight line, f/p - centaur
Aim: a centaur, wielding a shortbow (severely wounded)
You shoot an arrow.
The arrow hits the centaur but does no damage.
The centaur is severely wounded.
Your +0 short sword of flaming bursts into flame!
b - a +0 short sword of flaming (weapon)
The centaur unwields an uncursed shortbow.
The centaur closely misses you.
You completely miss the centaur. Your kick misses the centaur.
The centaur is severely wounded.
The centaur closely misses you.
You barely miss the centaur.
The centaur is severely wounded.
The centaur misses you. The centaur hits you!
* * * LOW HITPOINT WARNING * * *
You closely miss the centaur.
The centaur is severely wounded.
The centaur hits you.
You die...

.......# ***,****,,,* .......#
*,,,,,,,,,,***** .......#
*,*,***,,,,,,,,, .......#
*,*,,,*,,,****** .......#
*,***,*,,,* * ########
*,,,,,*,,,* *
########################...****
*
...........†.....c((((((...,,,*
*
###########.....@#########.**,*
* #......# *,,,,,,<,*,* *
#......# *,******,*,* *
#......# *,*,,,,,,*,* *
#......# *,*,******,* *
#......# *,*,,,,,,,,* *
#......# *,********** *
#......# *,,,,,********
######## *****,**,,,,,*


You could see a centaur.

Vanquished Creatures
  Crazy Yiuf (D:3)
  2 adders (D:2)
  An ooze (D:2)
  2 worms (D:2)
  5 dart slugs
  2 leopard geckos (D:2)
  5 orcs
  A giant cockroach (D:1)
  9 goblins
  9 hobgoblins
  3 jackals (D:1)
  8 kobolds
  2 ball pythons
  5 bats
  6 frilled lizards
  20 rats
81 creatures vanquished.

Notes
Turn   | Place    | Note
-------+----------+-------------------------------------------
     0 | D:1      | pox the Centaur Hunter began the quest for the Orb.
     0 | D:1      | Reached XP level 1. HP: 17/17 MP: 1/1
    20 | D:1      | Reached XP level 2. HP: 24/24 MP: 2/2
    72 | D:1      | Reached skill level 6 in Bows
   494 | D:1      | Reached XP level 3. HP: 29/29 MP: 3/3
  1218 | D:2      | Found an opulent altar of Gozag.
  1549 | D:2      | Reached skill level 7 in Bows
  1549 | D:2      | Reached XP level 4. HP: 37/37 MP: 4/4
  2733 | D:3      | Found a runed door.
  2737 | D:3      | Noticed Crazy Yiuf
  2765 | D:3      | Killed Crazy Yiuf
  2765 | D:3      | Reached XP level 5. HP: 45/45 MP: 5/5
  3068 | D:3      | Noticed a centaur
  3086 | D:3      | HP: 2/45 [centaur (7)]
  3087 | D:3      | Slain by a centaur

Skill      XL: |  1  2  3  4 |
---------------+-------------+-----
Bows           | 6 7 |  7.7
Fighting       | 3 |  3.2
Dodging        | |  1.4
Stealth        | |  0.4

Action                   |  1- 3 |  4- 6 || total
-------------------------+-------+-------++-------
Melee: Short sword       |    14 |    28 ||    42
       Kick              |     4 |     7 ||    11
 Fire: Shortbow          |   105 |    81 ||   186
  Use: Scroll            |       |     3 ||     3
       Potion            |       |     1 ||     1
  Eat: Chunk             |     1 |     3 ||     4
Armor: Leather armour    |     4 |       ||     4
       Robe              |     3 |    10 ||    13
Dodge: Dodged            |    13 |    27 ||    40
